 Dungeon Crawl Stone Soup version 0.30-a0-603-g51a0fb1b98 (webtiles) character file.

Game seed: 7784307319273634297

72 Crownlay the Digger (level 4, -9/24 HPs)
             Began as a Gargoyle Earth Elementalist on Jan 7, 2023.
             Engulfed by a cloud of flame (12 damage)
             ... on level 3 of the Dungeon.
             The game lasted 00:02:28 (1969 turns).

Crownlay the Digger (Gargoyle Earth Elementalist)   Turns: 1969, Time: 00:02:29

Health: -9/24      AC:  5    Str: 11    XL:     4   Next: 26%
Magic:  4/9        EV: 11    Int: 18    God:
Gold:   128        SH:  0    Dex: 10    Spells: 9/10 levels left

rFire   . . .      SeeInvis .    m - +1 dagger (protect)
rCold   . . .      Faith    .    (no shield)
rNeg    + . .      Spirit   .    a - +0 robe
rPois   ∞          Reflect  .    (no helmet)
rElec   +          Harm     .    (no cloak)
rCorr   .          Rampage  .    (no gloves)
Will    .....                    (no boots)
Stlth   ++                       (no amulet)
HPRegen 0.24/turn                (no ring)
MPRegen 0.11/turn                (no ring)

@: no status effects
A: sickness immunity, AC +3, negative energy resistance 1, electricity
resistance, torment resistance 1, petrification resistance
a: no special abilities


You were on level 3 of the Dungeon.
You visited 1 branch of the dungeon, and saw 3 of its levels.

You collected 128 gold pieces.

Inventory:

Hand Weapons
 m - a +1 dagger of protection (weapon)
Armour
 a - a +0 robe (worn)
Scrolls
 g - 2 scrolls of silence
 h - a scroll of immolation
 i - 2 scrolls of amnesia
 k - a scroll of enchant weapon
 l - a scroll of vulnerability
 n - a scroll of brand weapon {unknown}
Potions
 b - 2 potions of magic
 c - a potion of curing {unknown}
 d - a potion of might {unknown}
 e - a potion of mutation {unknown}
 f - 3 potions of flight {unknown}
 j - a potion of degeneration {unknown}
 o - a potion of ambrosia {unknown}
 p - a potion of lignification {unknown}
 q - 2 potions of haste {unknown}
 r - a potion of cancellation {unknown}


   Skills:
 - Level 1.5 Dodging
 - Level 2.1 Stealth
 * Level 3.5 Spellcasting
 - Level 0.7 Transmutations
 + Level 4.5 Earth Magic


You had 9 spell levels left.
You knew the following spells:

 Your Spells              Type           Power      Damage    Failure   Level
a - Sandblast             Erth           38%        2d10      2%          1

Your spell library contained the following spells:

 Spells                   Type           Power      Damage    Failure   Level
 Passwall                 Tmut/Erth      10%        N/A       8%          2
 Stone Arrow              Conj/Erth      22%        3d8       19%         3
 Poisonous Vapours        Pois/Air       6%         N/A       24%         2
 Ignite Poison            Fire/Tmut/Pois 4%         N/A       38%         3
 Frozen Ramparts          Ice            6%         1d1       43%         3
 Kindle Blastsparks       Fire/Tloc/Air  6%         2d10      43%         3
 Mephitic Cloud           Conj/Pois/Air  3%         N/A       43%         3
 Petrify                  Tmut/Erth      12%        N/A       45%         4
 Ice Form                 Ice/Tmut       4%         N/A       78%         4
 Sticky Flame             Conj/Fire      3%         2d3       83%         4
 Summon Ice Beast         Ice/Summ       3%         N/A       83%         4
 Freezing Cloud           Conj/Ice/Air   1%         6-21      99%         5
 Ignition                 Fire           1%         3d3       100%        8
 Cigotuvi's Dreadful Rot  Necr/Pois/Air  Unusable   N/A       N/A         2

Dungeon Overview and Level Annotations

Branches:
Dungeon (3/15)

Altars:

Annotations:
D:3 Natasha


Innate Abilities, Weirdness & Mutations

You are immune to sickness and miasma.
Your stone body is resilient. (AC +3)
You are immune to poison.
You resist negative energy. (rN+)
You are resistant to electric shocks. (rElec)
You are resistant to unholy torment.
You are immune to petrification.


Message History

Aim: a ball python (constricting you, 80% to hit)
You miscast Sandblast.
You are very lightly contaminated with residual magic.
Nothing appears to happen.
The ball python bites you. The ball python constricts you.
Natasha mumbles some strange words.
You escape the ball python's grasp.
The ball python attacks as you move away!
The ball python bites you. The ball python closely misses you.
You feel yourself speed up. The ball python bites you.
The ball python grabs you. The ball python constricts you.
Casting: Sandblast (safe; 2% risk of failure)
Confirm with . or Enter, or press ? or * to list all spells.
Aiming: Sandblast (safe; 2% risk of failure)
Press: ? - help, Shift-Dir - straight line, f/p - ball python
Aim: a ball python (constricting you, 80% to hit)
The blast of sand hits the ball python!
You kill the ball python!
Really read the scroll of immolation?
As you read the scroll of immolation, it crumbles to dust.
The creatures around you are filled with an inner flame!
The goblin hits you but does no damage.
Natasha casts a spell.
The goblin attacks as you move away! The goblin completely misses you.
Your magical contamination has completely faded away.
Casting: Sandblast (safe; 2% risk of failure)
Confirm with . or Enter, or press ? or * to list all spells.
Aiming: Sandblast (safe; 2% risk of failure)
Press: ? - help, Shift-Dir - straight line, f - goblin
Aim: a goblin, wielding a +0 club (inner flame, 77% to hit)
The blast of sand hits the goblin!
The goblin explodes!
The fiery explosion engulfs the goblin!!
The fiery explosion engulfs you!
* * * LOW HITPOINT WARNING * * *
The goblin explodes!
You are engulfed in blazing flames.
Ouch! That really hurt!
You die...

######## #......#
.#........... #......#
............. #......#
#........... #......#
#........... #......####
#......>.... #.........###
#......#...
#......#§@..####....#.##.#
#......#§##..............#
########§#######..#...[..#
#§# #..##...... #h#
#..#####... #5### ##.##
#....# #o..####..####.##.#
###........##..##..
#h..####.##.#...#


You could see Natasha (inner flame), a crimson imp (summoned, inner flame) and
an orc.

Vanquished Creatures
  A gnoll (D:3)
  An adder (D:3)
  2 worms (D:2)
  An orc (D:3)
  3 endoplasms
  9 goblins
  6 hobgoblins
  3 jackals (D:3)
  4 kobolds
  2 ball pythons (D:3)
  5 bats
  5 frilled lizards
  4 rats
46 creatures vanquished.

Notes
Turn   | Place    | Note
-------+----------+-------------------------------------------
     0 | D:1      | Crownlay the Gargoyle Earth Elementalist began the quest
                  | for the Orb.
     0 | D:1      | Reached XP level 1. HP: 10/10 MP: 3/3
   503 | D:1      | Found a faded altar of an unknown god.
   747 | D:2      | Reached XP level 2. HP: 15/15 MP: 0/5
   904 | D:2      | Reached skill level 4 in Earth Magic
  1070 | D:2      | Reached XP level 3. HP: 19/19 MP: 4/7
  1869 | D:3      | Reached XP level 4. HP: 23/24 MP: 6/9
  1953 | D:3      | Noticed Natasha
  1969 | D:3      | Engulfed by a cloud of flame

Illustrated notes

Levels and vault maps discovered:
D:1:      eino_arrival_water_star, layout_basic,
          dreamdust_ecumenical_altar_hidden_monk_grotto,
          minmay_misc_feat_diagonals
D:2:      layout_loops_ring
D:3:      layout_rooms, uniq_natasha, uniq_robin

Skill      XL: |  1  2  3 |
---------------+----------+-----
Earth Magic    | 4 |  4.5
Spellcasting   | 3 |  3.5
Dodging        | |  1.5
Stealth        | |  2.1
Transmutations | |  0.7

Action                   |  1- 3 |  4- 6 || total
-------------------------+-------+-------++-------
Melee: Dagger            |    31 |       ||    31
 Cast: Sandblast         |    57 |     7 ||    64
  Use: Scroll            |     4 |     2 ||     6
Armor: Robe              |    15 |     2 ||    17
Dodge: Dodged            |    21 |    15 ||    36

Table legend: (Time is in decaauts)
 A = Elapsed time spent in this place.
 B = Non-inter-level travel time spent in this place.
 C = Inter-level travel time spent in this place.
 D = Time resting spent in this place.
 E = Time spent auto-exploring this place.
 F = Levels seen in this place.
 G = Mean time per level.
                   A        B        C        D        E       F      G
               +--------+--------+--------+--------+--------+-----+--------+
         Total |   2004 |   1955 |     49 |      0 |   1684 |   3 |  668.0 |
       Dungeon |   2004 |   1955 |     49 |      0 |   1684 |   3 |  668.0 |
               +--------+--------+--------+--------+--------+-----+--------+

Top non-repeatable levels by time:
     D:2: 937 daAuts
     D:1: 728 daAuts
     D:3: 338 daAuts
